 Dungeon Crawl Stone Soup version 0.18-a0-946-g3ac5b32 (webtiles) character file.

219 Arkorax the Ruffian (level 5, -1/47 HPs)
             Began as a Ghoul Monk on Dec 29, 2015.
             Was a Believer of Pakellas.
             Killed from afar by Blork the orc (4 damage)
             ... with a puff of flame
             ... on level 4 of the Dungeon.
             The game lasted 00:06:57 (3201 turns).

Arkorax the Ruffian (Ghoul Monk)                    Turns: 3201, Time: 00:06:57

Health: -1/47      AC:  6    Str: 15    XL:     5   Next: 96%
Magic:  4/4        EV:  9    Int:  5    God:    Pakellas [**....]
Gold:   118        SH:  4    Dex: 12    Spells: 0 memorised, 4 levels left

rFire  . . .     SeeInvis .       - Unarmed
rCold  + . .     Gourm    .     j - +0 scale mail
rNeg   + + +     Faith    .     n - +0 buckler
rPois  ∞         Spirit   .     (no helmet)
rElec  .         Dismiss  .     (no cloak)
rCorr  .         Reflect  .     (no gloves)
SustAt .         Harm     .     (no boots)
MR     .....     Rnd*Tele +     (no amulet)
Stlth  +.........               (no ring)
                                o - ring of teleportation (curse)

@: rotting, not resistant to hostile enchantments, very unstealthy
A: rotting body, claws 1, carnivore 3, cold resistance 1, negative energy
resistance 3, slow regeneration 1, torment resistance, unbreathing
a: Quick Charge, Renounce Religion, Evoke Teleportation


You were on level 4 of the Dungeon.
You worshipped Pakellas.
Pakellas was pleased with you.
You were not hungry.

You visited 2 branches of the dungeon, and saw 5 of its levels.

You collected 118 gold pieces.

Inventory:

Armour
 j - a +0 scale mail (worn)
 n - a +0 buckler (worn)
 p - a +0 large shield
Jewellery
 o - a cursed ring of teleportation (left claw)
Wands
 d - a wand of fireball (8/15)
Scrolls
 a - a scroll of random uselessness {unknown}
 e - 5 scrolls of remove curse {unknown}
 f - 4 scrolls of identify {unknown}
 h - a scroll of fog {unknown}
 i - a scroll of enchant weapon {unknown}
 k - a scroll of teleportation
Potions
 g - 2 potions of brilliance
Comestibles
 b - a meat ration
 c - 7 chunks of flesh


   Skills:
 - Level 4.9 Fighting
 - Level 2.6 Dodging
 - Level 2.1 Stealth
 + Level 2.1 Shields
 + Level 5.8 Unarmed Combat
 + Level 0.6 Evocations


You had 4 spell levels left.
You didn't know any spells.

Dungeon Overview and Level Annotations

Branches:
Dungeon (4/15)             Temple (1/1) D:4

Altars:
Ashenzari
Cheibriados
Gozag
Nemelex Xobeh
Pakellas
Qazlal
Ru
Sif Muna
Trog
Vehumet
Xom
Yredelemnul

Annotations:
D:4 Blork the orc, Dowan, Duvessa


Innate Abilities, Weirdness & Mutations

Your body is rotting away.
You thrive on raw meat.
You are immune to poison.
You have sharp fingernails.
You are carnivorous and can eat meat at any time.
Your flesh is cold resistant.
You are immune to negative energy.
You regenerate slowly when monsters are visible.
You are immune to unholy pain and torment.
You can survive without breathing.


Message History

The magic dart hits you!
You barely miss the hound. The hound barely misses you.
Blork the orc zaps a wand.
The magic dart hits you! The hound barely misses you.
You miss the hound. The hound bites you.
Blork the orc zaps a wand.
The magic dart hits you!
You claw the hound!
The hound is heavily wounded.
The hound bites you.
* * * LOW HITPOINT WARNING * * *
Blork the orc hits you from afar with a trident.
* * * LOW HITPOINT WARNING * * *
You are too injured to fight recklessly!
You are too injured to fight recklessly!
Unknown command.
The hound bites you.
* * * LOW HITPOINT WARNING * * *
Blork the orc gestures at you while chanting.
The puff of flame hits you!
You die...

# .... . ..... ##.
..... ..# ...... .
.# #.... ...... #
#.# .. #.###o..%..
##.. ##.
#.......... #.. #..
#h....... #.# #.#
####@....... ..#
#.###........... .#
##.##....#.......
.#
#.....#.##....<..
.# #.###...#
.#..... ########.#
..#....######
..##.....##.##.####
⌠.#..##.###. #.#
[.'.###.# #. ..#


You could see Blork the orc and a hound.

Vanquished Creatures
  A scorpion (D:3)
  An orc priest (Temple)
  A worker ant (D:3)
  4 adders
  A worm (D:3)
  5 orcs
  A ball python (D:3)
  8 bats
  A giant cockroach (D:3)
  7 goblins
  7 hobgoblins
  10 kobolds
  3 quokkas
  A giant gecko (D:3)
  5 giant newts
  9 jackals
  8 rats
73 creatures vanquished.

Notes
Turn   | Place    | Note
--------------------------------------------------------------
     0 | D:1      | Arkorax the Ghoul Monk began the quest for the Orb.
     0 | D:1      | Reached XP level 1. HP: 19/19 MP: 0/0
   327 | D:1      | Reached XP level 2. HP: 24/26 MP: 1/1
  1113 | D:2      | Reached XP level 3. HP: 25/33 MP: 2/2
  1183 | D:2      | Reached skill level 5 in Unarmed Combat
  1826 | D:2      | Reached XP level 4. HP: 37/40 MP: 3/3
  1942 | D:3      | Reached skill level 1 in Shields
  2007 | D:3      | Reached XP level 5. HP: 30/47 MP: 4/4
  2586 | D:4      | Noticed Dowan
  2588 | D:4      | Noticed Duvessa
  2988 | D:4      | Found a staircase to the Ecumenical Temple.
  2994 | Temple   | Entered the Ecumenical Temple
  3082 | Temple   | Became a worshipper of Pakellas the Inventive
  3082 | Temple   | Reached * piety under Pakellas
  3082 | Temple   | Reached ** piety under Pakellas
  3082 | Temple   | Received a gift from Pakellas
  3191 | D:4      | Noticed Blork the orc
  3201 | D:4      | Killed from afar by Blork the orc

Vault maps used:
D:1:      dpeg_arrival_connections, minmay_statues_item
D:4:      minmay_temple_entry_hall, first_bread, uniq_duvessa,
          uniq_blork_the_orc
Temple:   circular_temple_12

Action                   |  1- 3 |  4- 6 || total
-------------------------+-------+-------++-------
Melee: Unarmed           |   136 |   135 ||   271
  Use: Potion            |       |     7 ||     7
       Scroll            |       |     3 ||     3
 Stab: Sleeping          |     4 |       ||     4
  Eat: Chunk             |     4 |     6 ||    10
